 Dungeon Crawl Stone Soup version 0.19-a0-1167-g79b6552 (webtiles) character file.

63 JeffiDaFish the Firebug (level 4, -3/34 HPs)
             Began as a Hill Orc Fire Elementalist on Aug 14, 2016.
             Slain by Crazy Yiuf
             ... wielding a +3 quarterstaff of chaos
              (10 damage)
             ... on level 2 of the Dungeon.
             The game lasted 00:09:45 (2743 turns).

JeffiDaFish the Firebug (HOFE)                      Turns: 2743, Time: 00:09:46

Health: -3/34      AC:  2    Str: 10    XL:     4   Next: 9%
Magic:  3/7        EV: 12    Int: 16    God:
Gold:   57         SH:  0    Dex: 11    Spells: 2 memorised, 4 levels left

rFire  . . .     SeeInvis .     h - +0 short sword
rCold  . . .     Gourm    .     a - +0 robe
rNeg   . . .     Faith    .     (no shield)
rPois  .         Spirit   .     (no helmet)
rElec  .         Dismiss  .     (no cloak)
rCorr  .         Reflect  .     (no gloves)
MR     .....     Harm     .     (no boots)
Stlth  ++........               (no amulet)
                                (no ring)
                                (no ring)

@: drained
A: no striking features
a: no special abilities


You were on level 2 of the Dungeon.
You were not hungry.

You visited 1 branch of the dungeon, and saw 2 of its levels.

You collected 57 gold pieces.

Inventory:

Hand Weapons
 h - a +0 short sword (weapon)
Armour
 a - a +0 robe (worn)
Scrolls
 g - 2 scrolls of recharging
 i - a scroll of remove curse {unknown}
 j - a scroll of identify
Potions
 d - a potion of ambrosia {unknown}
 e - a potion of haste
 f - a potion of magic {unknown}
 k - a potion of curing {unknown}
Books
 b - a book of Flames

   Spells                             Type                      Level
   a - Flame Tongue                   Conjuration/Fire             1
   b - Throw Flame                    Conjuration/Fire             2
   c - Conjure Flame                  Conjuration/Fire             3
   d - Inner Flame                    Hexes/Fire                   3
   e - Sticky Flame                   Conjuration/Fire             4
   f - Fireball                       Conjuration/Fire             5
Comestibles
 c - a chunk of flesh


   Skills:
 + Level 0.5(0.2) Fighting
 + Level 2.1(1.8) Dodging
 + Level 1.5(1.2) Stealth
 + Level 0.7(0.4) Unarmed Combat
 + Level 2.1(1.8) Spellcasting
 + Level 1.5(1.1) Conjurations
 + Level 3.8(3.5) Fire Magic


You had 4 spell levels left.
You knew the following spells:

 Your Spells              Type           Power        Failure   Level  Hunger
a - Flame Tongue          Conj/Fire      #....        10%         1    ##.....
b - Throw Flame           Conj/Fire      #.....       14%         2    ###....


Dungeon Overview and Level Annotations

Branches:
Dungeon (2/15)

Altars:

Annotations:
D:2 Crazy Yiuf


Message History

The flame tongue hits Crazy Yiuf.
Crazy Yiuf is severely wounded.
Crazy Yiuf hits you with a quarterstaff of chaos!
You suddenly lose the ability to move!
Crazy Yiuf hits you with a quarterstaff of chaos!
You feel drained.
Crazy Yiuf hits you with a quarterstaff of chaos!
* * * LOW HITPOINT WARNING * * *
Crazy Yiuf burns you.
* * * LOW HITPOINT WARNING * * *
You can move again.
Casting: Flame Tongue
Confirm with . or Enter, or press ? or * to list all spells.
Aiming: Flame Tongue
Press: ? - help, Shift-Dir - straight line, f/p - Crazy Yiuf
Aim: Crazy Yiuf, wielding a quarterstaff of chaos and wearing a cloak (severely wounded)
The flame tongue hits Crazy Yiuf.
Crazy Yiuf is almost dead.
Crazy Yiuf hits you with a quarterstaff of chaos!
You die...

.........# #.#.#.#.#
.........# #.#.#...#
.........# #.#.#####
.......### #.#.....#
.......# #.#####.#
.......##♣♣♣♣♣ #.#
#.# ...........♣.♣♣♣
#### #.# #.#
....).......♣..♣#...#
#.#####.##
...........♣♣♣♣.@g..#
#........#
..........♣♣ ♣♣#..)#
##########
...######♣♣ #### ...#
...##### ...'...#
..)##### ...# ...#


You could see Crazy Yiuf.

Vanquished Creatures
  An adder (D:2)
  An ooze (D:1)
  A worm (D:2)
  A giant gecko (D:2)
  6 bats
  A giant cockroach (D:2)
  10 goblins
  4 hobgoblins
  5 giant newts
  6 kobolds
  6 rats
42 creatures vanquished.

Notes
Turn   | Place    | Note
-------+----------+-------------------------------------------
     0 | D:1      | JeffiDaFish the Hill Orc Fire Elementalist began the quest for the Orb.
     0 | D:1      | Reached XP level 1. HP: 14/14 MP: 3/3
   211 | D:1      | Reached XP level 2. HP: 4/20 MP: 0/4
   559 | D:1      | Learned a level 2 spell: Throw Flame
   687 | D:1      | HP: 1/20 [hobgoblin/club (6)]
  1011 | D:1      | Reached XP level 3. HP: 24/26 MP: 2/5
  2341 | D:2      | Reached XP level 4. HP: 33/34 MP: 2/7
  2706 | D:2      | Found a runed door.
  2736 | D:2      | Noticed Crazy Yiuf
  2740 | D:2      | Paralysed by Crazy Yiuf for 3 turns
  2743 | D:2      | Slain by Crazy Yiuf

Vault maps used:
D:1:      dpeg_arrival_erosion
D:2:      uniq_crazy_yiuf_cottage

Skill      XL: |  1  2  3 |
---------------+----------+-----
Spellcasting   | 2 |  2.1
Dodging        | 2 |  2.1
Fighting       | |  0.5
Stealth        | |  1.5
Unarmed Combat | |  0.7
Conjurations   | |  1.5
Fire Magic     | |  3.8

Action                   |  1- 3 |  4- 6 || total
-------------------------+-------+-------++-------
Melee: Unarmed           |    33 |       ||    33
       Short sword       |    18 |     8 ||    26
 Cast: Flame Tongue      |    55 |    14 ||    69
       Throw Flame       |     4 |       ||     4
  Use: Scroll            |     4 |       ||     4
       Potion            |     1 |       ||     1
 Stab: Sleeping          |     1 |       ||     1
  Eat: Meat ration       |     1 |       ||     1
       Bread ration      |       |     1 ||     1
Armor: Robe              |    13 |       ||    13
Dodge: Dodged            |    52 |     4 ||    56
